 Dungeon Crawl Stone Soup version 0.22-a0-866-geee5034 (webtiles) character file.

34 iamserjio the Chiller (level 3, 0/24 HPs)
             Began as a Barachi Ice Elementalist on July 28, 2018.
             Slain by a rat (1 damage)
             ... on level 1 of the Dungeon.
             The game lasted 00:03:25 (320 turns).

iamserjio the Chiller (Barachi Ice Elementalist)     Turns: 320, Time: 00:03:26

Health: 0/24       AC:  2    Str:  9    XL:     3   Next: 31%
Magic:  2/6        EV: 12    Int: 16    God:
Gold:   18         SH:  0    Dex: 12    Spells: 5/6 levels left

rFire    . . .     SeeInvis .   e - -1 short sword (curse)
rCold    . . .     Gourm    .   (no shield)
rNeg     . . .     Faith    .   a - +0 robe
rPois    .         Spirit   .   (no helmet)
rElec    .         Reflect  .   (no cloak)
rCorr    .         Harm     .   (no gloves)
MR       .....                  (no boots)
Stlth    ++........             (no amulet)
HPRegen  0.08/turn              (no ring)
MPRegen  0.10/turn              (no ring)

@: can't hop, slow
A: +LOS, swims, slowness 1, strong legs 1
a: Hop


You were on level 1 of the Dungeon.
You were not hungry.

You visited 1 branch of the dungeon, and saw 1 of its levels.

You collected 18 gold pieces.

Inventory:

Hand Weapons
 b - a +0 hunting sling
 d - a +0 club
 e - a cursed -1 short sword (weapon)
 g - a +2 dagger of venom
Missiles
 h - 7 tomahawks (quivered)
 i - 5 needles of frenzy
Armour
 a - a +0 robe (worn)
 f - a +0 buckler of fire resistance
Scrolls
 j - a scroll of remove curse {unknown}
Comestibles
 c - a ration


   Skills:
 - Level 2.1 Dodging
 - Level 1.7 Stealth
 - Level 2.1 Spellcasting
   Level 1.1 Conjurations
 + Level 5.2 Ice Magic


You had 5 spell levels left.
You knew the following spells:

 Your Spells              Type           Power        Failure   Level  Hunger
a - Freeze                Ice            ###.         2%          1    #......

Your spell library contained the following spells:

 Spells                   Type           Power        Failure   Level  Hunger
 Throw Frost              Conj/Ice       ##....       9%          2    ###....
 Summon Ice Beast         Ice/Summ       ##......     56%         4    #####..
 Ozocubu's Armour         Chrm/Ice       ##......     21%         3    ###....
 Throw Icicle             Conj/Ice       ##......     50%         4    #####..


Dungeon Overview and Level Annotations

Branches:
Dungeon (1/15)

Altars:


Innate Abilities, Weirdness & Mutations

Shadows flee at your approach. (+LOS)
You can swim through water.
You cover ground slowly.
You can hop short distances.


Message History

The hobgoblin hits you with a club.
* * * LOW HITPOINT WARNING * * *
Casting: Freeze (safe; 2% risk of failure)
Confirm with . or Enter, or press ? or * to list all spells.
Aiming: Freeze (safe; 2% risk of failure)
Press: ? - help, Shift-Dir - straight line, f - hobgoblin
Aim: a hobgoblin, wielding a club You freeze the hobgoblin.
You kill the hobgoblin!
The rat bites you.
* * * LOW HITPOINT WARNING * * *
Casting: Freeze (safe; 2% risk of failure)
Confirm with . or Enter, or press ? or * to list all spells.
Aiming: Freeze (safe; 2% risk of failure)
Press: ? - help, Shift-Dir - straight line, f - frilled lizard
Aim: a frilled lizard You freeze the frilled lizard.
You kill the frilled lizard!
The rat bites you.
You die...

####### #...... #......
#### #...... .....#
#...... #..#..###########
####.#. .......#........#
#.#.
.......)........######.##
.).....r@........#.......
##.###...................
###.................
#.................
#.................
#........#...##...
..............##..#
##.................#
................#...


You could see a rat.

Vanquished Creatures
  A dart slug (D:1)
  A leopard gecko (D:1)
  A giant cockroach (D:1)
  3 hobgoblins (D:1)
  5 jackals (D:1)
  2 kobolds (D:1)
  3 bats (D:1)
  4 frilled lizards (D:1)
  4 goblins (D:1)
  4 rats (D:1)
28 creatures vanquished.

Notes
Turn   | Place    | Note
-------+----------+-------------------------------------------
     0 | D:1      | iamserjio the Barachi Ice Elementalist began the quest for the Orb.
     0 | D:1      | Reached XP level 1. HP: 13/13 MP: 3/3
    32 | D:1      | Reached skill level 4 in Ice Magic
    47 | D:1      | Reached XP level 2. HP: 10/19 MP: 0/5
   220 | D:1      | Reached XP level 3. HP: 6/24 MP: 2/6
   257 | D:1      | Reached skill level 5 in Ice Magic
   319 | D:1      | HP: 1/24 [rat (3)]
   320 | D:1      | Slain by a rat

Vault maps used:
D:1:      ncdulo_watergridlock

Skill      XL: |  1  2  3 |
---------------+----------+-----
Ice Magic      | 4 5 |  5.2
Dodging        | |  2.1
Stealth        | |  1.7
Spellcasting   | |  2.1
Conjurations   | |  1.1

Action                   || total
-------------------------++-------
Melee: Unarmed           ||    20
       Short sword       ||    15
 Cast: Freeze            ||    32
 Abil: Hop               ||     1
  Use: Scroll            ||     1
 Stab: Sleeping          ||     1
Armor: Robe              ||    10
Dodge: Dodged            ||    38

Table legend:
 A = Spawn XP
 B = Non-spawn XP
 C = Spawn XP percentage of total XP
 D = Spawn monster count
 E = Non-spawn monster count
 F = Spawn count percentage of total count
 G = Total turns spent on level
                    A         B        C        D         E        F      G
               +---------+---------+-------+---------+---------+-------+---------
         Total |       0 |      49 |   0.0 |       0 |      28 |   0.0 |   320
               +---------+---------+-------+---------+---------+-------+---------
           D:1 |       0 |      49 |   0.0 |       0 |      28 |   0.0 |   320
               +---------+---------+-------+---------+---------+-------+---------
